[Event "*** Titled Tuesday Blitz"]
[Site "Chess.com"]
[Date "2020.05.19"]
[Round "3"]
[White "promen1999"]
[Black "lupta_robin"]
[Result "1-0"]
[WhiteElo "2891"]
[BlackElo "2619"]
[TimeControl "180+1"]
[EndTime "12:27:47 PDT"]
[Termination "promen1999 won by resignation"]

1. d4 d5 2. Nf3 Nc6 3. g3 Bg4 4. Bg2 Bxf3 5. Bxf3 Nf6 6. Bg2 e5 7. dxe5 Nxe5 8. O-O Be7 9. Nd2 O-O 10. c4 c6 11. Qc2 d4 12. Nf3 Nxf3+ 13. Bxf3 Qb6 14. Rd1 Rad8 15. b4 Bxb4 16. Rb1 Qc5 17. Qa4 a5 18. a3 Bc3 19. Rxb7 Rc8 20. Rd3 Rfe8 21. Kg2 h6 22. h3 Red8 23. Bf4 Nd7 24. Bc7 Ne5 25.
Bxd8 Nxd3 26. exd3 Rxd8 27. Qxc6 Qxa3 28. Bd5 Rf8 29.
Qg6 Kh8 30. Rxf7 Rg8 31. Be4 1-0

[Event "*** Titled Tuesday Blitz"]
[Site "Chess.com"]
[Date "2020.05.19"]
[Round "3"]
[White "NormWeinstein"]
[Black "RaunakSadhwani2005"]
[Result "0-1"]
[WhiteElo "2452"]
[BlackElo "2806"]
[TimeControl "180+1"]
[EndTime "12:27:47 PDT"]
[Termination "RaunakSadhwani2005 won on time"]

1. e4 c6 2. d3 d5 3. Nd2 e5 4. Ngf3 Bd6 5. d4 exd4 6. Nxd4 Nf6 7. exd5 cxd5 8. Be2 O-O 9. O-O Nc6 10. N2f3 Re8 11.
c3 Ne4 12. Be3 Qf6 13. Nb5 Be6 14. Nxd6 Nxd6 15. Re1 Bg4 16. h3 Bxf3 17. Bxf3 Nc4 18. Bxd5 Rad8 19. Qf3 Qxf3 20. Bxf3 Nxb2 21. Reb1 Nc4 22.
Rxb7 Nxe3 23. Bxc6 Re6 24. Bf3 Nc4 25. Rxa7 g6 26.
a4 Nd2 27. Bg4 f5 28. Bf3 Nb3 29. Rb1 Nd2 30. Rc1 Nb3 31. Rf1 Nd2 32. Ra1 Nb3 33.
Rb1 Nd2 34. Rc1 Re5 35. c4 Nb3 36. Rc3 Re1+ 37. Kh2 Nd2 38. h4 Rd4 0-1

[Event "*** Titled Tuesday Blitz"]
[Site "Chess.com"]
[Date "2020.05.19"]
[Round "3"]
[White "MPGM"]
[Black "rakshi2005"]
[Result "1-0"]
[WhiteElo "2512"]
[BlackElo "2278"]
[TimeControl "180+1"]
[EndTime "12:27:47 PDT"]
[Termination "MPGM won by resignation"]

1. d4 Nf6 2. c4 Nc6 3. Nc3 e5 4. d5 Ne7 5. Nf3 Ng6 6. h4 Bc5 7. h5 Ne7 8. h6 g6 9. Bg5 Neg8 10. a3 d6 11. e3 a5 12. Nd2 Qd7 13. Be2 Qf5 14. Bh4 g5 15. Bg3 Qg6 16. b4 axb4 17.
axb4 Rxa1 18. Qxa1 Bxb4 19. Qa4+ Bd7 20. Qxb4 Nxh6 21. Qxb7 O-O 22. Qxc7 Nf5 23. Bd3 Ra8 24. O-O Kg7 25. Bxf5 Bxf5 26. Qxd6 h5 27. Bxe5 Bd3 28.
Nde4 Bxe4 29. Nxe4 Qxe4 30. Qxf6+ Kf8 31. d6 Qh7 32. d7 1-0

[Event "*** Titled Tuesday Blitz"]
[Site "Chess.com"]
[Date "2020.05.19"]
[Round "3"]
[White "FranciscodelaF"]
[Black "FontVella8"]
[Result "0-1"]
[WhiteElo "2349"]
[BlackElo "2552"]
[TimeControl "180+1"]
[EndTime "12:27:48 PDT"]
[Termination "FontVella8 won by resignation"]

1. d4 Nf6 2. c4 b6 3. f3 Bb7 4. Nc3 g6 5. e4 Bg7 6. Be3 O-O 7. Qd2 d6 8. h4 Nbd7 9. Nge2 e5 10.
O-O-O a5 11. h5 exd4 12. Bxd4 Nc5 13. g4 Ne6 14. Be3 a4 15. Bh6 Qd7 16. hxg6 fxg6 17.
Bxg7 Qxg7 18. Bg2 Nc5 19. Ng3 Nfd7 20. f4 a3 21. b3 Rxf4 22. e5 Bxg2 23. Qxf4 Bxh1 24.
Rxh1 Nxe5 25. Nce4 Ned3+ 26. Kd2 Qb2+ 27. Ke3 Nxf4 28. Nf6+ Qxf6 29. Ne4 Qe5 0-1

[Event "*** Titled Tuesday Blitz"]
[Site "Chess.com"]
[Date "2020.05.19"]
[Round "3"]
[White "ManuDavid2910"]
[Black "Camels1981"]
[Result "1/2-1/2"]
[WhiteElo "2686"]
[BlackElo "2346"]
[TimeControl "180+1"]
[EndTime "12:27:50 PDT"]
[Termination "Game drawn by agreement"]

1. e4 e5 2. Nf3 Nc6 3. Bc4 Bc5 4. O-O Nf6 5. d4 exd4 6. e5 d5 7. exf6 dxc4 8. fxg7 Rg8 9. Re1+ Be6 10. Ng5 Qd5 11.
Nc3 Qf5 12. Nce4 O-O-O 13. Ng3 Qg6 14. Nxe6 fxe6 15. Qe2 d3 16. cxd3 cxd3 17. Qxe6+ Qxe6 18. Rxe6 d2 19. Bxd2 Rxd2 20. Ne4 Rc2 21. Rd1 Be7 22. b4 Rxg7 23. b5 Nd4 24. Rh6 Nxb5 25. h4 Nd6 26. Ng3 Rf7 27. f3 b6 28. Re1 Nf5 29.
Nxf5 Bc5+ 30. Ne3 Re7 31. Rc6 Bxe3+ 32. Rxe3 Rxg2+ 33. Kxg2 Rxe3 34. Kg3 Kd7 35. Rh6 Re7 36. f4 c5 37. f5 c4 38. f6 Rf7 39. Kf4 c3 40. Ke3 Ke6 41. Kd3 Rxf6 42. Rxh7 Rf3+ 43.
Kc2 Rh3 44. Rxa7 Rxh4 45. Rb7 Rb4 46. Kxc3 Rb1 47. Kc2 Rb4 48. a3 Rb5 49. a4 Rb4 50.
Kc3 Rxa4 51. Rxb6+ Kd5 52. Rb5+ Kc6 53. Rh5 Ra3+ 54.
Kb4 1/2-1/2

[Event "*** Titled Tuesday Blitz"]
[Site "Chess.com"]
[Date "2020.05.19"]
[Round "3"]
[White "Volodar_Murzin"]
[Black "pastouche06"]
[Result "1-0"]
[WhiteElo "2745"]
[BlackElo "2438"]
[TimeControl "180+1"]
[EndTime "12:27:50 PDT"]
[Termination "Volodar_Murzin won by resignation"]

1. d4 Nf6 2. Nf3 d5 3. Bf4 e6 4. e3 c5 5. Nbd2 Nc6 6. c3 Bd6 7. Bg3 O-O 8. Bd3 Qe7 9. O-O e5 10.
e4 dxe4 11. Nxe4 Nxe4 12. Bxe4 cxd4 13. cxd4 Nxd4 14. Nxd4 exd4 15. Re1 Be6 16. Qxd4 Bxg3 17. hxg3 Rfd8 18. Qe5 Qd6 19. Qa5 b6 20. Qa6 Bd5 21. Rad1 Qc6 22. Qd3 1-0

[Event "*** Titled Tuesday Blitz"]
[Site "Chess.com"]
[Date "2020.05.19"]
[Round "3"]
[White "AnthonyWirig"]
[Black "Eltaj_Safarli"]
[Result "1/2-1/2"]
[WhiteElo "2672"]
[BlackElo "2996"]
[TimeControl "180+1"]
[EndTime "12:27:51 PDT"]
[Termination "Game drawn by repetition"]

1. d4 Nf6 2. Nf3 e6 3. g3 d5 4. Bg2 Be7 5. O-O O-O 6. b3 a5 7. a4 b6 8. Ba3 Nbd7 9. c4 Ba6 10.
cxd5 Nxd5 11. Re1 Bxa3 12. Nxa3 c5 13. e4 Nb4 14. e5 Rc8 15. Rc1 Nd3 16. Bf1 Nxe1 17.
Bxa6 Nxf3+ 18. Qxf3 Ra8 19. Bd3 cxd4 20. Qe4 g6 21.
Nc4 Nc5 22. Qf3 Nxd3 23. Qxd3 Rc8 24. Re1 Qd5 25. Re4 Rc6 26. Rxd4 Qc5 27. h4 h5 28. g4 hxg4 29. Rxg4 Rcc8 30. Rxg6+ fxg6 31. Qxg6+ Kh8 32. Qh6+ Kg8 33. Qg6+ Kh8 34. Qh6+ Kg8 35. Qg6+ 1/2-1/2

[Event "*** Titled Tuesday Blitz"]
[Site "Chess.com"]
[Date "2020.05.19"]
[Round "3"]
[White "ENajer77"]
[Black "manmanlai1"]
[Result "1-0"]
[WhiteElo "2550"]
[BlackElo "2348"]
[TimeControl "180+1"]
[EndTime "12:27:51 PDT"]
[Termination "ENajer77 won by resignation"]

1. d4 d5 2. c4 e6 3. Nc3 Bb4 4. cxd5 exd5 5. Bf4 c6 6. e3 Bf5 7. Qb3 Qb6 8. Nf3 Nd7 9. Be2 Ngf6 10. O-O O-O 11. Na4 Qa5 12. a3 Be7 13. Nc3 Qb6 14. Qa2 Ne4 15. Rac1 Rfe8 16. h3 Bd6 17. Bxd6 Nxd6 18. Rfd1 Re6 19. b4 Rae8 20. b5 Rh6 21.
bxc6 bxc6 22. Na4 Qa5 23. Nc5 Nf6 24. Ne5 Rc8 25. Qb3 Qd8 26. Nb7 Nxb7 27. Qxb7 Ne4 28.
Rxc6 Rcxc6 29. Nxc6 Qe8 30. Ne7+ 1-0

[Event "*** Titled Tuesday Blitz"]
[Site "Chess.com"]
[Date "2020.05.19"]
[Round "3"]
[White "oykuince"]
[Black "GodDMuhammad"]
[Result "0-1"]
[WhiteElo "1985"]
[BlackElo "2288"]
[TimeControl "180+1"]
[EndTime "12:27:51 PDT"]
[Termination "GodDMuhammad won by resignation"]

1. e4 c6 2. d4 d5 3. Nc3 dxe4 4. Nxe4 Bf5 5. Nc5 Qc7 6. Bd3 Bg6 7. Nf3 Nd7 8. Nb3 Ngf6 9. O-O e6 10. Re1 Bd6 11. c4 c5 12. d5 e5 13. Bxg6 hxg6 14. Nxe5 Nxe5 15. f4 O-O-O 16. fxe5 Bxe5 17. h3 Rh5 18. Qf3 Rdh8 19. Be3 Rf5 20. Qe2 b6 21. a4 Bh2+ 22.
Kh1 Bg3 23. Rf1 Qd7 24. a5 Ne4 25. Rxf5 gxf5 26. axb6 axb6 27. Ra8+ Bb8 28. Bf4 Kb7 29. Rxb8+ Rxb8 30. Bxb8 Kxb8 31. Qf3 g6 32. Kg1 Qa4 33. Qf4+ Kb7 34. Nc1 Qxc4 35. d6 Nxd6 36. Qxd6 Qxc1+ 37. Kh2 Qc4 38. Qd7+ Ka6 39. Qc8+ Kb5 40. Qd7+ Kb4 41. Qd2+ Kb3 42. Qe3+ Kxb2 43. Qd2+ Kb3 44. Qe3+ Qc3 45. Qe7 b5 46. Qxf7+ c4 47. Qxg6 Qe5+ 48. g3 c3 49. Qf7+ Kb2 50. Qb7 c2 51. Qg2 Kb1 52. Qf1+ c1=Q 0-1

[Event "*** Titled Tuesday Blitz"]
[Site "Chess.com"]
[Date "2020.05.19"]
[Round "3"]
[White "YQPerez"]
[Black "nurgyulsalimova"]
[Result "1-0"]
[WhiteElo "2944"]
[BlackElo "2579"]
[TimeControl "180+1"]
[EndTime "12:27:52 PDT"]
[Termination "YQPerez won by checkmate"]

1. e4 c6 2. c4 d5 3. exd5 cxd5 4. cxd5 Nf6 5. Qa4+ Nbd7 6. Nc3 g6 7. Bc4 Bg7 8.
Nf3 O-O 9. d3 b5 10. Bxb5 Nb6 11.
Qh4 Bb7 12. O-O Nfxd5 13. Ne4 Rc8 14. Bh6 a6 15. Nfg5 Nf6 16. Bxg7 Kxg7 17. Nxf6 Kxf6 18.
Rfe1 Qd5 19. Ne6+ g5 20. Qh6+ Kf5 21. Qxg5# 1-0

[Event "*** Titled Tuesday Blitz"]
[Site "Chess.com"]
[Date "2020.05.19"]
[Round "3"]
[White "Mikhail_Golubev"]
[Black "Orest_Vovk"]
[Result "1-0"]
[WhiteElo "2558"]
[BlackElo "2362"]
[TimeControl "180+1"]
[EndTime "12:27:52 PDT"]
[Termination "Mikhail_Golubev won by resignation"]

1. e4 Nc6 2. Nf3 f5 3. exf5 d5 4. Bb5 Bxf5 5. Ne5 Qd6 6. d4 Nf6 7. O-O Nd7 8. Bf4 Ncxe5 9. Bxe5 Qg6 10. Bxd7+ Kxd7 11. c4 e6 12. Nc3 Bd3 13. Qa4+ c6 14. cxd5 exd5 15. Rfe1 b5 16. Qa6 Rc8 17. Qb7+ Kd8 18.
Bg3 Bf5 19. Bh4+ 1-0

[Event "*** Titled Tuesday Blitz"]
[Site "Chess.com"]
[Date "2020.05.19"]
[Round "3"]
[White "jonaszmb"]
[Black "ChronicUnhappiness"]
[Result "1-0"]
[WhiteElo "2519"]
[BlackElo "2285"]
[TimeControl "180+1"]
[EndTime "12:27:52 PDT"]
[Termination "jonaszmb won by resignation"]

1. e4 d6 2. d4 Nf6 3. f3 g6 4. c4 Bg7 5. Nc3 O-O 6. Be3 c5 7. Nge2 cxd4 8. Nxd4 Nc6 9. Qd2 Nxd4 10. Bxd4 Bd7 11.
Be2 Bc6 12. b4 b6 13. O-O Rc8 14. a4 Nd7 15. Bxg7 Kxg7 16. a5 Rc7 17. axb6 axb6 18.
Ra3 Kg8 19. Rfa1 h5 20. f4 Nf6 21. Qe3 e5 22. f5 Nd7 23. Qh6 Qf6 24. Rf1 Qg7 25.
Qd2 Qf6 26. fxg6 Qxg6 27. Nd5 Bxd5 28. Rg3 Be6 29. Rxg6+ fxg6 30. Qxd6 Rxf1+ 31. Bxf1 1-0

[Event "*** Titled Tuesday Blitz"]
[Site "Chess.com"]
[Date "2020.05.19"]
[Round "3"]
[White "FMVolodymyrSakun"]
[Black "Blitzstream"]
[Result "1-0"]
[WhiteElo "2488"]
[BlackElo "2704"]
[TimeControl "180+1"]
[EndTime "12:27:53 PDT"]
[Termination "FMVolodymyrSakun won by resignation"]

1. Nf3 d5 2. d4 Nf6 3. c4 c6 4.
Nc3 e6 5. e3 Nbd7 6. Bd3 dxc4 7. Bxc4 b5 8. Be2 Bb7 9. O-O b4 10. Na4 Be7 11. b3 O-O 12. Bb2 Ne4 13. Rc1 Rc8 14.
Nd2 c5 15. Bf3 Nxd2 16. Bxb7 Nxf1 17. Bxc8 Nxe3 18. fxe3 Qxc8 19. dxc5 Qc6 20. Qg4 Bf6 21.
Bxf6 Nxf6 22. Qxb4 Rd8 23. h3 h5 24. Qa5 Rd7 25. Qe1 Ne4 26. Rd1 Rc7 27. Qh4 g6 28. Rd4 Nxc5 29. Rd8+ Kg7 30. Qd4+ f6 31. Nxc5 Qxc5 32.
Rd7+ Kh6 33. Qf4+ 1-0

[Event "*** Titled Tuesday Blitz"]
[Site "Chess.com"]
[Date "2020.05.19"]
[Round "3"]
[White "shrek4life02"]
[Black "top_bu_tz"]
[Result "1-0"]
[WhiteElo "2499"]
[BlackElo "2224"]
[TimeControl "180+1"]
[EndTime "12:27:53 PDT"]
[Termination "shrek4life02 won by resignation"]

1. d4 Nf6 2. Nc3 d5 3. Bg5 Ne4 4. Nxe4 dxe4 5. Qd2 g6 6. O-O-O Bg7 7. Bh6 Bf6 8. f3 c5 9. e3 cxd4 10. exd4 exf3 11.
Nxf3 Bf5 12. Bb5+ Nd7 13. Rhe1 Rc8 14. Ba4 b5 15. Bb3 Nb6 16. Ne5 e6 17. g4 Nc4 18.
Bxc4 Bxc2 19. Kxc2 bxc4 20. Qb4 Bxe5 21. Qb5+ Ke7 22. dxe5 Qc7 23. Rd6 Rb8 24. Bg5+ Kf8 25. Qxb8+ Qxb8 26. Rd8+ Kg7 27. Rxb8 Rxb8 28. Bf6+ Kf8 29.
Rd1 Ke8 30. h4 h5 31. gxh5 gxh5 32. Kc3 Rc8 33. a4 a6 34. Rd6 Ra8 35. Kxc4 Rc8+ 36. Kb4 Rb8+ 37. Ka5 Ra8 38. Kb6 Rc8 39. Kb7 Rc7+ 40.
Kxc7 1-0

[Event "*** Titled Tuesday Blitz"]
[Site "Chess.com"]
[Date "2020.05.19"]
[Round "3"]
[White "mamonika"]
[Black "PowerThinking2650"]
[Result "0-1"]
[WhiteElo "1964"]
[BlackElo "2284"]
[TimeControl "180+1"]
[EndTime "12:27:53 PDT"]
[Termination "PowerThinking2650 won by resignation"]

1. e4 e5 2. Nf3 Nc6 3. Bb5 a6 4. Ba4 Nf6 5. O-O Be7 6. d3 b5 7. Bb3 d6 8. c3 O-O 9. Re1 Na5 10. Bc2 c5 11. Nbd2 Re8 12. Nf1 Bf8 13. Bg5 h6 14. Bh4 Bb7 15. Ne3 Be7 16. Nf5 Kh7 17.
d4 Bf8 18. dxe5 dxe5 19. Qxd8 Raxd8 20. Bxf6 gxf6 21. Rad1 Nc4 22. b3 Na3 23. Bb1 Rxd1 24. Rxd1 Nxb1 25. Rxb1 Bxe4 26. Rd1 Bxf5 27. Rd5 Be4 28. Rd7 Bxf3 29. gxf3 Kg6 30. Ra7 Re6 31. c4 bxc4 32. bxc4 Rb6 33. Kg2 Rb4 34. Rxa6 Rxc4 35. Ra8 Bd6 36. a4 Rc2 37. a5 c4 38. a6 Bc5 39. a7 Kf5 40. Kh3 Rxf2 41. Rc8 Bxa7 42.
Rxc4 Rxf3+ 43. Kg2 e4 44. Ra4 Be3 45. Ra5+ Kf4 46. h4 f5 0-1

[Event "*** Titled Tuesday Blitz"]
[Site "Chess.com"]
[Date "2020.05.19"]
[Round "3"]
[White "Natalya_Buksa"]
[Black "anon569"]
[Result "1-0"]
[WhiteElo "2555"]
[BlackElo "2254"]
[TimeControl "180+1"]
[EndTime "12:27:55 PDT"]
[Termination "Natalya_Buksa won by checkmate"]

1. d4 Nf6 2. Nc3 d5 3. Bf4 Bf5 4.
e3 e6 5. f3 c6 6. g4 Bg6 7. h4 h5 8. g5 Nfd7 9. Bd3 Bxd3 10.
Qxd3 Na6 11. a3 Qa5 12. Ne2 Be7 13. Kf2 c5 14. Qd2 c4 15. b4 Qd8 16. Ng3 Nf8 17. e4 Ng6 18. Be3 dxe4 19. fxe4 Nc7 20. Kg2 Bd6 21. e5 Be7 22. Nge4 Nd5 23. Nxd5 Qxd5 24. Rh3 Qxe4+ 25. Kg1 Nxh4 26. Rf1 Qg4+ 27. Kh2 Nf5 28. Bf4 h4 29. Rg1 Qh5 30. d5 O-O 31. d6 Bd8 32. Qf2 Bb6 33. Be3 Bxe3 34. Rxe3 Nxe3 35. Qxe3 Kh8 36. Qe4 Qg6 37. Qe2 Qh7 38.
Rg4 g6 39. Kh3 Kg7 40. Qf3 Qg8 41. Qf6+ Kh7 42. Rxh4# 1-0

[Event "*** Titled Tuesday Blitz"]
[Site "Chess.com"]
[Date "2020.05.19"]
[Round "3"]
[White "Szparu"]
[Black "kuli4ik"]
[Result "0-1"]
[WhiteElo "2535"]
[BlackElo "2788"]
[TimeControl "180+1"]
[EndTime "12:27:56 PDT"]
[Termination "kuli4ik won by resignation"]

1. e4 Nf6 2. e5 Nd5 3. d4 d6 4. c4 Nb6 5. f4 g6 6. Nc3 Bg7 7. Be3 O-O 8. Be2 dxe5 9. dxe5 Nc6 10. Nf3 Be6 11. b3 f6 12. exf6 exf6 13. O-O Re8 14. Bf2 Bf7 15. Re1 f5 16. Rc1 Qxd1 17.
Bxd1 Nb4 18. Be2 Bxc3 19. Rxc3 Nxa2 20. Re3 Rxe3 21. Bxe3 Nc3 22. Bf1 Nd7 23. Ng5 h6 24.
Nxf7 Kxf7 25. Bd4 Ne4 26. g4 c5 27. Bb2 Ndf6 28. gxf5 gxf5 29. Bh3 Rg8+ 30. Kf1 Ng4 31. Re2 h5 32. Ke1 Rg6 33. Bg2 Rb6 34. Bxe4 fxe4 35. Rxe4 Rxb3 36. Bh8 Re3+ 0-1

[Event "*** Titled Tuesday Blitz"]
[Site "Chess.com"]
[Date "2020.05.19"]
[Round "3"]
[White "Marcan2b"]
[Black "GMALMEIDA"]
[Result "1-0"]
[WhiteElo "2444"]
[BlackElo "2678"]
[TimeControl "180+1"]
[EndTime "12:27:56 PDT"]
[Termination "Marcan2b won by resignation"]

1. d4 g6 2. e4 Bg7 3. Nc3 d6 4. Be3 a6 5. a4 Nf6 6. h3 O-O 7. Nf3 Nc6 8. Bc4 e6 9. O-O b6 10. Qe2 Bb7 11. Rad1 Ne7 12. e5 Nfd5 13. Nxd5 Nxd5 14.
Bg5 Qd7 15. Bb3 b5 16. axb5 axb5 17. Qd2 Nb6 18. Qf4 Bd5 19. Bxd5 Nxd5 20. Qh4 f6 21. exf6 Bxf6 22. Rfe1 Bg7 23. Bh6 Rxf3 24. gxf3 Bxh6 25. Qxh6 Rf8 26. Qh4 Rxf3 27. Qg4 Rf5 28. Rd3 Nf4 29. Rf3 Rg5 30. Qxg5 1-0

[Event "*** Titled Tuesday Blitz"]
[Site "Chess.com"]
[Date "2020.05.19"]
[Round "3"]
[White "zurzan"]
[Black "allvim"]
[Result "0-1"]
[WhiteElo "1892"]
[BlackElo "2273"]
[TimeControl "180+1"]
[EndTime "12:28:00 PDT"]
[Termination "allvim won by resignation"]

1. f4 e5 2. fxe5 d6 3. exd6 Bxd6 4. Nf3 Bg4 5. e3 Nf6 6. Be2 O-O 7. O-O Nc6 8. d4 Re8 9. Nc3 Qe7 10. a3 Rad8 11. Nb5 Bf4 12. Qd3 Bxe3+ 13. Bxe3 Qxe3+ 14. Qxe3 Rxe3 15. Rae1 a6 16. Nxc7 Rd7 17. Nxa6 bxa6 18. Bxa6 Rxe1 19. Rxe1 Bxf3 20. gxf3 Nxd4 21. Re3 Kf8 22.
c4 Nf5 23. Rc3 Rd1+ 24. Kf2 Rd2+ 25. Ke1 Rxb2 26. c5 Ne7 27. c6 Nfd5 28. c7 Nxc3 29. c8=Q+ Nxc8 30. Bxc8 Ra2 0-1

[Event "*** Titled Tuesday Blitz"]
[Site "Chess.com"]
[Date "2020.05.19"]
[Round "3"]
[White "Angel_Hranitel_37"]
[Black "babyking1205"]
[Result "0-1"]
[WhiteElo "2366"]
[BlackElo "2562"]
[TimeControl "180+1"]
[EndTime "12:28:02 PDT"]
[Termination "babyking1205 won by checkmate"]

1. d4 Nf6 2. Nf3 c5 3. dxc5 e6 4. e3 Bxc5 5. b3 b6 6. Bb2 Bb7 7. c4 Be7 8. Nc3 O-O 9. Bd3 h6 10. O-O d5 11. cxd5 Nxd5 12. Be4 Na6 13. Nxd5 exd5 14.
Bb1 Nc5 15. Qc2 Ne4 16. Nd2 Rc8 17. Qd3 Bf6 18. Bd4 Re8 19. a4 a5 20. Bxf6 Qxf6 21.
Qd4 Qxd4 22. exd4 Nxd2 23. Rd1 Nxb3 24. Ra3 Nxd4 25. g4 Ne2+ 26. Kg2 Nc3 27. Rc1 d4+ 28. Kh3 Nxb1 29. Rxb1 Rc3+ 30. Rxc3 dxc3 31. g5 c2 32. Rc1 Be4 33. gxh6 gxh6 34. f3 Bg6 35. f4 Re3+ 36. Kh4 Rb3 37. f5 Bxf5 38. Kh5 Bg6+ 39. Kxh6 Rb1 40. Rxc2 Bxc2 41. h4 Bxa4 42. h5 Bc2 43.
Kg5 Rg1+ 44. Kh6 Rh1 45. Kg5 Rxh5+ 46. Kf6 a4 47. Ke7 a3 48. Kd8 a2 49. Ke7 Rd5 50.
Ke8 a1=Q 51. Ke7 Qe5# 0-1

[Event "*** Titled Tuesday Blitz"]
[Site "Chess.com"]
[Date "2020.05.19"]
[Round "3"]
[White "CyberneticLion"]
[Black "svilson23"]
[Result "1-0"]
[WhiteElo "2502"]
[BlackElo "2227"]
[TimeControl "180+1"]
[EndTime "12:28:02 PDT"]
[Termination "CyberneticLion won by resignation"]

1. e4 c5 2. c3 d5 3. exd5 Nf6 4. d4 Nxd5 5. Nf3 Bg4 6. Be2 e6 7. h3 Bh5 8. O-O cxd4 9. Nxd4 Bxe2 10. Qxe2 Be7 11.
Rd1 Qb6 12. c4 Nf6 13. Be3 O-O 14. Nc3 Nbd7 15. Nf5 Bc5 16. Na4 Qa5 17. Nxc5 Nxc5 18. b4 Qxb4 19. Rab1 Qa3 20. Nxg7 Kxg7 21. Bd4 Nd7 22.
Qg4+ Kh8 23. Qg5 e5 24. Bxe5 Qe7 25. Rxd7 Rg8 1-0

[Event "*** Titled Tuesday Blitz"]
[Site "Chess.com"]
[Date "2020.05.19"]
[Round "3"]
[White "Savagelittlemole"]
[Black "OK97"]
[Result "0-1"]
[WhiteElo "2533"]
[BlackElo "2753"]
[TimeControl "180+1"]
[EndTime "12:28:03 PDT"]
[Termination "OK97 won by resignation"]

1. e4 e5 2. Nf3 Nc6 3. Bb5 a6 4. Ba4 b5 5. Bb3 Na5 6. O-O d6 7. d4 exd4 8. Nxd4 Bb7 9. Re1 c5 10. e5 dxe5 11. Rxe5+ Be7 12. Bd2 Qxd4 13. Qe2 Nxb3 14.
axb3 O-O-O 15. Rxe7 Nxe7 16. Qxe7 Qd5 17. f3 Rhe8 18. Qh4 Qd4+ 19. Qxd4 cxd4 20. Na3 Re2 21.
Rd1 d3 22. Ba5 Rd7 23. cxd3 Rxb2 24. Rc1+ Kb8 25. Nc2 Rxd3 26. Nb4 Rdxb3 27. Nc2 Rb1 28. Rxb1 Rxb1+ 29. Kf2 Rb2 0-1

[Event "*** Titled Tuesday Blitz"]
[Site "Chess.com"]
[Date "2020.05.19"]
[Round "3"]
[White "Escanor89"]
[Black "Paralinch"]
[Result "0-1"]
[WhiteElo "2569"]
[BlackElo "2869"]
[TimeControl "180+1"]
[EndTime "12:28:05 PDT"]
[Termination "Paralinch won on time"]

1. c4 c5 2. Nf3 Nc6 3. d4 cxd4 4. Nxd4 g6 5. e4 Nf6 6. Nc3 d6 7. Be2 Nxd4 8. Qxd4 Bg7 9. Be3 O-O 10. Qd2 a5 11.
Rc1 a4 12. O-O Qa5 13. Rfd1 Be6 14. f3 Rfc8 15. Nb5 Qxd2 16. Rxd2 Nd7 17. Nd4 Nc5 18.
Nxe6 fxe6 19. Rb1 Kf7 20. Kf2 a3 21. b3 Bb2 22. Bxc5 Rxc5 23. f4 e5 24. g3 Kg7 25.
Rd5 Rc7 26. Rbd1 Rf8 27. Kf3 exf4 28. gxf4 Be5 29. f5 gxf5 30. Rg1+ Kh8 31. h3 Rcc8 32. Ra5 fxe4+ 33. Kxe4 Rf4+ 34. Kd3 Bb2 35. Rg4 Rf7 36.
Ra7 e5 37. Re4 Rg8 38. Bg4 h5 39. Bxh5 Rg3+ 40. Ke2 Rg2+ 41. Ke1 Bc3+ 42. Kd1 Rf1+ 0-1

[Event "*** Titled Tuesday Blitz"]
[Site "Chess.com"]
[Date "2020.05.19"]
[Round "3"]
[White "MartinCerveny"]
[Black "TenisMaster"]
[Result "0-1"]
[WhiteElo "2449"]
[BlackElo "2782"]
[TimeControl "180+1"]
[EndTime "12:28:05 PDT"]
[Termination "TenisMaster won by resignation"]

1. d4 Nf6 2. c4 e6 3. Nf3 d5 4. g3 Bb4+ 5. Bd2 Be7 6. Bg2 O-O 7. O-O Nbd7 8. Qc2 Ne4 9. Nc3 Nxd2 10. Nxd2 c6 11. e4 dxc4 12. Nxc4 Nb6 13. Nxb6 Qxb6 14. Rad1 Rd8 15. Na4 Qa5 16. b3 e5 17. dxe5 Rxd1 18. Rxd1 Qxe5 19. f4 Qa5 20. e5 Bg4 21. Rd2 g6 22. h3 Bf5 23. Qd1 h5 24. Kh2 Re8 25. Nb2 Qb4 26. Nc4 h4 27. g4 Be6 28.
Rd4 Bc5 29. Rd8 Rxd8 30. Qxd8+ Bf8 31. Qd3 b5 32. f5 bxc4 33. Qe2 gxf5 34. gxf5 Bxf5 35.
bxc4 Qc3 36. Bf3 Bg7 0-1

[Event "*** Titled Tuesday Blitz"]
[Site "Chess.com"]
[Date "2020.05.19"]
[Round "3"]
[White "stolencandy13"]
[Black "dianosky"]
[Result "1-0"]
[WhiteElo "2557"]
[BlackElo "2356"]
[TimeControl "180+1"]
[EndTime "12:28:05 PDT"]
[Termination "stolencandy13 won on time"]

1. e4 c5 2. Nf3 a6 3. c4 d6 4.
d4 cxd4 5. Nxd4 Nf6 6. f3 e6 7. Nc3 b6 8. Be3 Nbd7 9. Be2 Bb7 10. O-O Rc8 11. Qd2 Be7 12. Rac1 Qc7 13. a3 O-O 14. b4 Rfd8 15. Rfd1 Qb8 16. Nb3 Bc6 17. Bf1 Ne5 18. Qf2 Nfd7 19. h3 Ba8 20. f4 Nxc4 21. Bd4 e5 22.
Nd5 Bxd5 23. exd5 b5 24. fxe5 dxe5 25. Bc5 Bxc5 26. Nxc5 Nxc5 27. bxc5 Nxa3 28. Qa2 Nc4 29. Bxc4 bxc4 30. Qxc4 Qb5 31. c6 Rd6 32. Qxb5 axb5 33. Rc5 b4 34. Rb1 Rcd8 35. Rxb4 f6 36. c7 1-0

[Event "*** Titled Tuesday Blitz"]
[Site "Chess.com"]
[Date "2020.05.19"]
[Round "3"]
[White "Luibov_AN"]
[Black "JoachimMouhamad"]
[Result "0-1"]
[WhiteElo "2065"]
[BlackElo "2315"]
[TimeControl "180+1"]
[EndTime "12:28:05 PDT"]
[Termination "JoachimMouhamad won by resignation"]

1. d4 Nf6 2. Nf3 g6 3. Bg5 Bg7 4. Nbd2 d5 5. e3 O-O 6. h3 c5 7. c3 Nc6 8. Bd3 c4 9. Bc2 b5 10. O-O Bf5 11. a4 b4 12. Bxf6 Bxf6 13. e4 dxe4 14.
Nxe4 Bg7 15. Qe2 Rc8 16. Nc5 Bxc2 17. Qxc2 bxc3 18. bxc3 e5 19. dxe5 Nxe5 20. Nxe5 Rxc5 21. Nf3 Qd3 22. Qxd3 cxd3 23. Rfd1 Rxc3 24. a5 a6 25. Ne1 Rd8 26. Nf3 Rc2 27. Ra3 Bc3 28. g3 d2 29.
Kg2 Rc1 30. Rxc3 Rxd1 31. Rc2 Rg1+ 0-1

[Event "*** Titled Tuesday Blitz"]
[Site "Chess.com"]
[Date "2020.05.19"]
[Round "3"]
[White "Anton_Demchenko"]
[Black "wnstop"]
[Result "0-1"]
[WhiteElo "2829"]
[BlackElo "2616"]
[TimeControl "180+1"]
[EndTime "12:28:06 PDT"]
[Termination "wnstop won by checkmate"]

1. d4 Nf6 2. Nf3 g6 3. Bf4 Bg7 4.
c3 d6 5. Nbd2 O-O 6. e4 Nbd7 7.
Be2 e5 8. dxe5 dxe5 9. Nxe5 Nc5 10. Qc2 Nh5 11. Bxh5 Bxe5 12. Bxe5 Nd3+ 13. Kf1 Nxe5 14.
Be2 f5 15. Re1 Be6 16. f3 Qh4 17. Rd1 Rae8 18. Kg1 Qg5 19. h4 Qe3+ 20. Kf1 Ng4 21. Nc4 Qf2# 0-1

[Event "*** Titled Tuesday Blitz"]
[Site "Chess.com"]
[Date "2020.05.19"]
[Round "3"]
[White "NicoChasin"]
[Black "kirillshevchenko"]
[Result "0-1"]
[WhiteElo "2638"]
[BlackElo "2930"]
[TimeControl "180+1"]
[EndTime "12:28:07 PDT"]
[Termination "kirillshevchenko won by resignation"]

1. e4 c5 2. Nf3 d6 3. d4 cxd4 4.
Nxd4 Nf6 5. Nc3 a6 6. Be3 e5 7.
Nf3 Nc6 8. Bc4 Be6 9. Bb3 Na5 10. Qd3 Nxb3 11. axb3 h6 12. h3 Rc8 13. O-O-O Be7 14.
g4 Qa5 15. Kb1 b5 16. g5 hxg5 17. Nxg5 b4 18. Na4 Qb5 19. f4 exf4 20. Bxf4 Rc6 21. Rhg1 Qxd3 22. Rxd3 Bd7 23. Be3 Rh4 24. Nb6 Be6 25.
Nxe6 fxe6 26. e5 dxe5 27. Rxg7 Rxh3 28. Nc4 e4 29. Rxe7+ Kxe7 30. Bc5+ Rxc5 31. Rxh3 Rg5 32. Rh8 Nd5 33. Ra8 e3 34. Nxe3 Nxe3 35. Kc1 Rd5 36. Kb1 Rd1+ 37. Ka2 Rd2 38. Rxa6 Nxc2 39. Kb1 Nd4 40. Kc1 Nxb3+ 41. Kb1 0-1